 Dungeon Crawl Stone Soup version 0.18.1-8-gdd0e5ea (webtiles) character file.

30 richardnixon the Insei (level 3, -2/26 HPs)
             Began as a Merfolk Transmuter on May 24, 2016.
             Slain by a rat (3 damage)
             ... on level 2 of the Dungeon.
             The game lasted 00:01:59 (1393 turns).

richardnixon the Insei (Merfolk Transmuter)         Turns: 1393, Time: 00:02:00

Health: -2/26      AC:  2    Str: 10    XL:     3   Next: 18%
Magic:  5/6        EV: 13    Int: 12    God:
Gold:   43         SH:  0    Dex: 15    Spells: 1 memorised, 5 levels left

rFire  . . .     SeeInvis .       - Unarmed
rCold  . . .     Gourm    .     b - +0 robe
rNeg   . . .     Faith    .     (no shield)
rPois  .         Spirit   .     (no helmet)
rElec  .         Dismiss  .     (no cloak)
rCorr  .         Reflect  .     (no gloves)
SustAt .         Harm     .     (no boots)
MR     .....                    (no amulet)
Stlth  +.........               (no ring)
                                (no ring)

@: appendage (expiring), not resistant to hostile enchantments, very unstealthy
A: change form in water, swift swim, horns 2
a: End Transformation


You were on level 2 of the Dungeon.
You were not hungry.
You had grown temporary horns.
You visited 1 branch of the dungeon, and saw 2 of its levels.

You collected 43 gold pieces.

Inventory:

Missiles
 a - 32 arrows
 q - 6 javelins of returning (quivered)
Armour
 b - a +0 robe (worn)
Jewellery
 l - an uncursed amulet of regeneration {unknown}
Scrolls
 e - 2 scrolls of identify {unknown}
 g - 3 scrolls of random uselessness {unknown}
 m - a scroll of remove curse {unknown}
Potions
 f - a potion of curing {unknown}
 i - a potion of cancellation {unknown}
 j - 2 potions of berserk rage {unknown}
 n - a potion of lignification {unknown}
 p - a potion of resistance {unknown}
Books
 c - a book of Changes

   Spells                             Type                      Level
   a - Beastly Appendage              Transmutation                1
   b - Sticks to Snakes               Transmutation                2
   c - Spider Form                    Transmutation/Poison         3
   d - Ice Form                       Ice/Transmutation            4
   e - Blade Hands                    Transmutation                5
Comestibles
 d - a bread ration
 h - 2 slices of pizza
 k - a beef jerky
 o - a meat ration


   Skills:
 - Level 1.1 Fighting
 - Level 2.6 Dodging
 * Level 4.1 Unarmed Combat
 - Level 2.0 Spellcasting
 + Level 3.6 Transmutations


You had 5 spell levels left.
You knew the following spells:

 Your Spells              Type           Power        Failure   Level  Hunger
a - Beastly Appendage     Trmt           #.....       8%          1    ##.....


Dungeon Overview and Level Annotations

Branches:
Dungeon (2/15)

Altars:


Innate Abilities, Weirdness & Mutations

You revert to your normal form in water.
You are very nimble and swift while swimming.
You have a pair of horns on your head.


Message History

* * * LOW HITPOINT WARNING * * *
The rat misses you.
You hit the kobold but do no damage. Your headbutt misses the kobold.
The kobold is severely wounded.
The rat barely misses you. x2; The kobold closely misses you.
You barely miss the kobold.
The kobold is severely wounded.
The rat completely misses you. The rat closely misses you.
The kobold hits you but does no damage.
You hit the kobold.
You kill the kobold!
The rat closely misses you.
You barely miss the rat.
Your transformation is almost over.
The rat barely misses you. The rat bites you.
* * * LOW HITPOINT WARNING * * *
You hit the rat but do no damage. The rat bites you.
* * * LOW HITPOINT WARNING * * *
The rat bites you.
You die...

.... ...# .. ...
... # .. ..#####
... #.##......#
....##..##.....
.# ......†rr#..#
.# #.)@...# .#
#.###(?### #.# ..
#....## .. #..
#.....### .# ...
#.#.....##.# .#
#?##.....<.###
..####.##.....#
#.###......###..#
#. #...#### .#


You could see 2 rats.

Vanquished Creatures
  A dart slug (D:1)
  A ball python (D:1)
  3 goblins (D:1)
  6 hobgoblins
  4 kobolds
  4 bats
  3 giant newts (D:1)
  4 rats (D:1)
26 creatures vanquished.

Notes
Turn   | Place    | Note
--------------------------------------------------------------
     0 | D:1      | richardnixon the Merfolk Transmuter began the quest for the Orb.
     0 | D:1      | Reached XP level 1. HP: 15/15 MP: 3/3
   195 | D:1      | Reached XP level 2. HP: 21/21 MP: 3/5
   644 | D:1      | HP: 1/21 [goblin/club (6)]
   656 | D:1      | Reached skill level 4 in Unarmed Combat
  1170 | D:1      | Reached XP level 3. HP: 26/26 MP: 4/6
  1393 | D:2      | HP: 1/26 [rat (2)]
  1393 | D:2      | Slain by a rat

Skill      XL: |  1  2 |
---------------+-------+-----
Transmutations | 3 |  3.6
Unarmed Combat | 4 |  4.1
Fighting       | |  1.1
Dodging        | |  2.6
Spellcasting   | |  2.0

Action                   || total
-------------------------++-------
Melee: Unarmed           ||    90
       Headbutt          ||    13
       Punch             ||     2
 Cast: Beastly Appendage ||    14
 Stab: Sleeping          ||     1
  Eat: Chunk             ||     2
Armor: Robe              ||     7
Dodge: Dodged            ||    86
